 Dungeon Crawl Stone Soup version 0.30-a0-857-gcaf70739d4 (webtiles) character file.

Game seed: 10043627710036989064

2 ragingrage the Sneak (level 1, -2/18 HPs)
             Began as a Demonspawn Delver on Mar 6, 2023.
             Constricted to death by Duvessa (5 damage)
             ... on level 5 of the Dungeon.
             The game lasted 00:00:14 (30 turns).

ragingrage the Sneak (Demonspawn Delver)              Turns: 30, Time: 00:00:14

Health: -2/18      AC:  3    Str: 12    XL:     1   Next: 25%
Magic:  1/1        EV:  8    Int: 11    God:
Gold:   0          SH:  0    Dex: 14    Spells: 0/0 levels left

rFire   . . .      SeeInvis .    a - +0 falchion
rCold   . . .      Faith    .    (no shield)
rNeg    . . .      Spirit   .    b - +0 leather armour
rPois   .          Reflect  .    (no helmet)
rElec   .          Rampage  .    (no cloak)
rCorr   .                        (no gloves)
Will    .....                    (no boots)
Stlth   ++                       (no amulet)
HPRegen 0.23/turn                (no ring)
MPRegen 0.07/turn                (no ring)

@: grasped by roots, constricted
A: no striking features
a: no special abilities


You were on level 5 of the Dungeon.
You visited 1 branch of the dungeon, and saw 2 of its levels.

Inventory:

Hand Weapons
 a - a +0 falchion (weapon)
Armour
 b - a +0 leather armour (worn)
Wands
 g - a wand of digging (3)
Scrolls
 c - a scroll of fog
 d - a scroll of magic mapping
 e - a scroll of fear
Potions
 f - a potion of haste


   Skills:
 - Level 3.0 Fighting
 + Level 2.0 Long Blades
 - Level 1.7 Dodging
 - Level 4.5 Stealth


You couldn't memorise any spells.
You didn't know any spells.
Your spell library contained the following spells:

 Spells                   Type           Power      Damage    Failure   Level
 Blade Hands              Tmut           0%         N/A       100%        5
 Irradiate                Conj/Tmut      0%         3d11      100%        5
 Dragon Form              Tmut           0%         N/A       100%        7


Dungeon Overview and Level Annotations

Branches:
Dungeon (6/15)
 Temple: D:4-7

Altars:

Annotations:
D:5 Dowan, Duvessa


Message History

A stone staircase leading down.
There is a stone staircase leading down here.
You climb downwards.
You hear the sound of rushing water.
There is an entrance to a sewer on this level.
Hurry and find it before the portal rusts away!
There is a stone staircase leading up here.
Unknown command.
You climb upwards.
There is a stone staircase leading down here.
An orc comes into view. It is wielding a +0 flail.
An orc is nearby!
The orc shouts!
You hear a shout!
You barely miss the orc. The orc closely misses you.
You closely miss the orc. The orc hits you with a +0 flail!
The orc barely misses you.
You hit the orc. The orc closely misses you.
You barely miss the orc. The orc closely misses you.
Duvessa, Sister of Dowan comes into view.
She is wielding a +0 short sword, wearing a +0 leather armour of fire resistance and carrying a wand of roots (2).
Duvessa shouts!
You slash the orc!
You kill the orc!
You hear a shout!
Your Long Blades skill increases to level 2!
Duvessa zaps a wand.
The roots erupt in riotous growth!
The grasping roots grab you! The grasping roots constrict you.
You hear a bark!
You hear an angry hiss.
You hear a shout!
You escape the roots grasp.
Duvessa zaps a wand.
The roots erupt in riotous growth!
The grasping roots grab you!
The now-empty wand crumbles to dust.
The grasping roots constrict you.
* * * LOW HITPOINT WARNING * * *
You hear an angry hiss.
Unknown command.
The roots grasp on you weakens, but your attempt to escape fails.
Dowan, Brother of Duvessa comes into view.
He is wielding a +0 dagger.
The grasping roots constrict you.
You die...

..##.. ######
#.. ..#..
#....# ..#
.... #....#
.. #..##
#....# .#
...#
#....##e#
#.###....#..#
#...#....e.##
###.##...###
#...@###
##.>## ##.#
#.# #.# #.#
#.# #.# #.#


You could see Duvessa and Dowan.

Vanquished Creatures
  An orc (D:5)
1 creature vanquished.

Notes
Turn   | Place    | Note
-------+----------+-------------------------------------------
     0 | D:5      | ragingrage the Demonspawn Delver began the quest for the
                  | Orb.
     0 | D:5      | Reached XP level 1. HP: 18/18 MP: 1/1
    24 | D:5      | Noticed Duvessa
    30 | D:5      | Noticed Dowan
    30 | D:5      | Constricted to death by Duvessa

Illustrated notes

Levels and vault maps discovered:
D:5:      layout_basic, nicolae_elyvilon_peaceful_grove,
          mainiacjoe_overflow_small_starburst,
          nicolae_uskayaw_murder_on_the_dancefloor, temple_fountains,
          uniq_duvessa, uniq_pikel, uniq_edmund
D:6:      layout_basic, jmf_multi_god_temple2, portal_sewer_entry_d,
          uniq_menkaure

Skill      XL: |  1 |
---------------+----+-----
Long Blades    | 2 |  2.0
Fighting       | |  3.0
Dodging        | |  1.7
Stealth        | |  4.5

Action                     || total
---------------------------++-------
  Melee: Falchion          ||     5
  Dodge: Dodged            ||     4

Table legend: (Time is in decaauts)
 A = Elapsed time spent in this place.
 B = Non-inter-level travel time spent in this place.
 C = Inter-level travel time spent in this place.
 D = Time resting spent in this place.
 E = Time spent auto-exploring this place.
 F = Levels seen in this place.
 G = Mean time per level.
                   A        B        C        D        E       F      G
               +--------+--------+--------+--------+--------+-----+--------+
         Total |     31 |     27 |      4 |      0 |     10 |   2 |   15.5 |
       Dungeon |     31 |     27 |      4 |      0 |     10 |   2 |   15.5 |
               +--------+--------+--------+--------+--------+-----+--------+

Top non-repeatable levels by time:
     D:5: 29 daAuts
     D:6: 1 daAuts
